 Dungeon Crawl Stone Soup version 0.31-a0-175-g9f7f995f2b (webtiles) character file.

Game seed: 11883576018555934217

214 qw the Chopper (level 5, -8/33 HPs)
             Began as a Gargoyle Fighter on June 16, 2023.
             Killed from afar by Ijyb (15 damage)
             ... with a puff of flame
             ... on level 3 of the Dungeon.
             The game lasted 00:00:57 (1455 turns).

qw the Chopper (Gargoyle Fighter)                   Turns: 1455, Time: 00:00:57

Health: -8/33      AC: 10    Str: 21    XL:     5   Next: 92%
Magic:  5/5        EV:  9    Int:  9    God:
Gold:   138        SH:  4    Dex:  9    Spells: 4/4 levels left

rFire   . . .        Y - +1 war axe
rCold   . . .        c - +0 buckler
rNeg    + . .        b - +0 scale mail
rPois   inf          (no helmet)
rElec   +            (no cloak)
rCorr   .            (no gloves)
SInv    +            (no boots)
Will    .....        (no amulet) Stlth
                     f - ring of see invisible
HPRegen 0.25/turn    (no ring)
MPRegen 0.09/turn

%: no passive effects
@: no status effects
A: sickness immunity, AC +4, negative energy resistance 1, electricity
resistance, torment resistance 1, petrification resistance
a: no special abilities


You were on level 3 of the Dungeon.
You visited 1 branch of the dungeon, and saw 3 of its levels.

You collected 138 gold pieces.


Innate Abilities, Weirdness & Mutations

You are immune to sickness and miasma.
Your stone body is resilient. (AC +4)
You are immune to poison.
You resist negative energy. (rN+)
You are resistant to electric shocks. (rElec)
You are resistant to unholy torment.
You are immune to petrification.


   Skills:
 - Level 4.0 Fighting
 - Level 5.0 Axes
 - Level 3.2 Armour
 + Level 0.1 Dodging
 - Level 3.2 Shields


You had 4 spell levels left.
You didn't know any spells.
Your spell library was empty.

Inventory:

Hand Weapons
 i - a +0 mace
 Y - a +1 war axe (weapon)
Armour
 b - a +0 scale mail (worn)
 c - a +0 buckler (worn)
 e - a +0 chain mail
Jewellery
 f - a ring of see invisible (left hand)
Wands
 k - a wand of digging (3)
Scrolls
 a - a scroll of identify
Potions
 d - a potion of might
 g - a potion of haste
 h - a potion of curing

Dungeon Overview and Level Annotations

Branches:
Dungeon (3/15)

Altars:

Annotations:
D:3 Ijyb, Robin


Message History

You slash the goblin!
You kill the goblin!
You slash the goblin!
You kill the goblin!
You closely miss the goblin. x2; You hit Ijyb but do no damage.
You block the goblin's attack. Robin throws the goblin at you!
Ijyb barely misses you. The goblin hits you but does no damage.
You slash the goblin!
You kill the goblin!
You closely miss Ijyb. You closely miss the goblin. You barely miss the goblin.
You completely miss the hobgoblin. You hit the goblin.
You kill the goblin!
The hobgoblin hits you but does no damage.
Robin throws the goblin at you!
Ijyb hits you with a +1 vampiric dagger.
The goblin hits you but does no damage. You block the goblin's attack.
Your Fighting skill increases to level 4!
You hit the goblin.
You kill the goblin!
You hit the goblin. You slash the hobgoblin!
You kill the hobgoblin!
You closely miss Ijyb. You block the goblin's attack.
Ijyb hits you with a +1 vampiric dagger.
You hit the goblin.
You kill the goblin!
You closely miss the goblin. You slash Ijyb! You barely miss Robin.
Ijyb hits you with a +1 vampiric dagger.
Robin throws the goblin at you! The goblin hits you with a +0 dagger.
You block the goblin's attack. You block Ijyb's attack.
Robin hits you with a +0 club.
You slash Ijyb!
Ijyb is almost dead.
You slash Robin! You closely miss the goblin. You block Ijyb's attack.
The goblin hits you with a +0 dagger.
You closely miss Ijyb.
Ijyb is almost dead.
You closely miss the goblin. You closely miss Robin.
Ijyb zaps a wand.
The puff of flame hits you!
You die...

#..........#.##.
#.........##.##.##
#.<.......##.# ..#
###.... ....##.###.##
....... #.......)...#
.......##.###....#..#
.................##.##
......))g........##..###
......g@#####..#####...#
......)g#=!)#..# ###.#
........#$(?#..# #.#
........#$)$#..# #..
....)...#####..# ###
...............# #
...............# #####
........####### #....
#.###


You could see Ijyb (strong), Robin and a goblin (strong).

Vanquished Creatures
  A black bear (D:2)
  3 gnolls (D:2)
  3 adders
  2 orcs (D:3)
  5 ball pythons
  An endoplasm (D:2)
  2 giant cockroaches (D:2)
  16 goblins
  3 hobgoblins
  9 jackals
  A quokka (D:1)
  4 bats
  4 frilled lizards (D:2)
  4 kobolds
  5 rats
63 creatures vanquished.

Notes
Turn   | Place    | Note
-------+----------+-------------------------------------------
     0 | D:1      | qw the Gargoyle Fighter began the quest for the Orb.
     0 | D:1      | Reached XP level 1. HP: 14/14 MP: 1/1
     0 | D:1      | 0 ||| qw: Version: 0.2-a-29-g511e9b1
     0 | D:1      | 0 ||| qw: Game counter: 67
     0 | D:1      | 0 ||| qw: Always use a shield: true
     0 | D:1      | 0 ||| qw: God list: Okawaru
     0 | D:1      | 0 ||| qw: Allow faded altars: false
     0 | D:1      | 0 ||| qw: Do Orc after D:15 true
     0 | D:1      | 0 ||| qw: Do second Lair branch before Depths: true
     0 | D:1      | 0 ||| qw: Lair rune preference: random
     0 | D:1      | 0 ||| qw: Plans: Normal, Zot:1-4, Slime:5, God:TSO, Crypt,
                  | Tomb, Abyss, Pan, Hells, Win
     0 | D:1      | 0 ||| PLANNING D:1-11
    33 | D:1      | Reached skill level 2 in Axes
   127 | D:1      | Reached XP level 2. HP: 19/19 MP: 2/2
   178 | D:1      | Found a faded altar of an unknown god.
   203 | D:1      | 203 ||| READING 2 scrolls labelled CEACIK KAIXECS.
   204 | D:1      | 204 ||| READING scroll labelled SIULLI QYMM.
   205 | D:1      | 205 ||| READING scroll labelled VENODWYWNE.
   206 | D:1      | 206 ||| Stepping ~*~*~tactically~*~*~ (water).
   241 | D:1      | 241 ||| Stepping ~*~*~tactically~*~*~ (stealth).
   244 | D:1      | 244 ||| Stepping ~*~*~tactically~*~*~ (stealth).
   246 | D:1      | 246 ||| Stepping ~*~*~tactically~*~*~ (stealth).
   248 | D:1      | 248 ||| Stepping ~*~*~tactically~*~*~ (stealth).
   500 | D:1      | 500 ||| UPGRADING to ring of see invisible.
   501 | D:1      | 501 ||| READING scroll labelled DOMUERGH MITZ.
   502 | D:1      | 502 ||| READING 3 scrolls of identify.
   502 | D:1      | 502 ||| IDENTIFYING green potion
   503 | D:1      | 503 ||| READING 2 scrolls of identify.
   503 | D:1      | 503 ||| IDENTIFYING lumpy emerald potion
   504 | D:1      | 504 ||| DROPPING potion of brilliance.
   582 | D:2      | Reached skill level 3 in Axes
   610 | D:2      | Reached XP level 3. HP: 23/23 MP: 3/3
   611 | D:2      | 611 ||| Stepping ~*~*~tactically~*~*~ (stealth).
   614 | D:2      | 614 ||| Stepping ~*~*~tactically~*~*~ (stealth).
   632 | D:2      | 632 ||| DROPPING +0 club.
   828 | D:2      | 828 ||| Stepping ~*~*~tactically~*~*~ (stealth).
   829 | D:2      | 829 ||| Stepping ~*~*~tactically~*~*~ (stealth).
   830 | D:2      | 830 ||| Stepping ~*~*~tactically~*~*~ (stealth).
   863 | D:2      | Reached XP level 4. HP: 28/28 MP: 4/4
   979 | D:2      | Noticed a black bear
   984 | D:2      | Killed a black bear
   985 | D:2      | Reached skill level 4 in Axes
   985 | D:2      | Reached XP level 5. HP: 32/32 MP: 5/5
  1010 | D:2      | 1010 ||| Stepping ~*~*~tactically~*~*~ (hiding).
  1013 | D:2      | 1013 ||| Stepping ~*~*~tactically~*~*~ (hiding).
  1027 | D:2      | HP: 4/32 [gnoll/+0 halberd (10)]
  1028 | D:2      | Reached skill level 5 in Axes
  1098 | D:2      | 1098 ||| FLEEEEING.
  1099 | D:2      | 1099 ||| FLEEEEING.
  1100 | D:2      | 1100 ||| FLEEEEING.
  1103 | D:2      | 1103 ||| FLEEEEING.
  1104 | D:2      | 1104 ||| FLEEEEING.
  1105 | D:2      | 1105 ||| FLEEEEING.
  1106 | D:2      | 1106 ||| STAIRDANCE
  1138 | D:1      | 1138 ||| READING scroll labelled KYPRACHOIN.
  1141 | D:1      | 1141 ||| READING 2 scrolls of identify.
  1141 | D:1      | 1141 ||| IDENTIFYING bubbling green potion
  1394 | D:3      | 1394 ||| Stepping ~*~*~tactically~*~*~ (stealth).
  1396 | D:3      | 1396 ||| Stepping ~*~*~tactically~*~*~ (hiding).
  1398 | D:3      | 1398 ||| Stepping ~*~*~tactically~*~*~ (hiding).
  1440 | D:3      | Noticed Ijyb
  1442 | D:3      | Noticed Robin
  1453 | D:3      | HP: 7/33 [Robin/+0 club (3)]
  1455 | D:3      | Killed from afar by Ijyb

Levels and vault maps discovered:
D:1:      eino_arrival_tree_alley, layout_rooms,
          chequers_ecumenical_altar_island
D:2:      layout_loops_ring, st_stairs_10
D:3:      layout_basic, due_unseen_surprise, uniq_robin, uniq_ijyb

Skill      XL: |  1  2  3  4  5 |
---------------+----------------+-----
Axes           | 2 3 4 5 |  5.0
Fighting       | 4 |  4.0
Armour         | |  3.2
Dodging        | |  0.1
Shields        | |  3.2

Action                     |  1- 3 |  4- 6 || total
---------------------------+-------+-------++-------
  Melee: War axe           |    89 |    61 ||   150
  Throw: Boomerang         |    25 |       ||    25
    Use: Scroll            |     6 |     2 ||     8
   Stab: Distracted        |     1 |       ||     1
 Armour: Scale mail        |    65 |    51 ||   116
  Dodge: Dodged            |    43 |    46 ||    89
  Block: Buckler           |    16 |    20 ||    36

Table legend:
 A = Non-vault XP
 B = Vault XP
 C = Vault XP percentage of total XP
 D = Non-vault monster count
 E = Vault monster count
 F = Vault count percentage of total count
                 A         B        C        D         E       F
            +---------+---------+-------+---------+---------+-------
      Total |     282 |      25 |   8.1 |      49 |      14 |  22.2
            +---------+---------+-------+---------+---------+-------
        D:1 |      25 |       0 |   0.0 |      16 |       0 |   0.0
        D:2 |     229 |       4 |   1.7 |      25 |       3 |  10.7
        D:3 |      28 |      21 |  42.9 |       8 |      11 |  57.9
            +---------+---------+-------+---------+---------+-------
